 Dungeon Crawl Stone Soup version 0.17.0-27-g4a3f43e (console) character file.

172 jw the Sneak (level 5, -2/36 HPs)
             Began as an Octopode Berserker on Nov 21, 2015.
             Was a Priest of Trog.
             Slain by an adder (5 damage)
             ... on level 3 of the Dungeon.
             The game lasted 00:09:05 (2826 turns).

jw the Sneak (Octopode Berserker)                   Turns: 2826, Time: 00:09:05

Health: -2/36      AC:  1    Str: 15    XL:     5   Next: 53%
Magic:  4/4        EV: 13    Int:  9    God:    Trog [***...]
Gold:   145        SH:  0    Dex: 12    Spells: 0 memorised, 4 levels left

rFire  . . .     SeeInvis .     b - +4 dagger (elec)
rCold  . . .     Clarity  .     (no shield)
rNeg   . . .     SustAt   .     (helmet restricted)
rPois  .         Gourm    .     (no amulet)
rElec  .         Spirit   .     (no ring)
rCorr  .         Warding  .     (no ring)
rMut   .         Stasis   .     (no ring)
MR     .....                    (no ring)
Stlth  ++++......               (no ring)
                                (no ring)
                                (no ring)
                                (no ring)

@: lethally poisoned (-2 -> -5), not resistant to hostile enchantments, stealthy
A: almost no armour, amphibious, 8 rings, constrict 8, antennae 1, camouflage 1,
low mp 1, weak 1, gelatinous body 1
a: Berserk, Trog's Hand, Burn Spellbooks, Renounce Religion


You were on level 3 of the Dungeon.
You worshipped Trog.
Trog was most pleased with you.
You were not hungry.

You visited 1 branch of the dungeon, and saw 3 of its levels.

You collected 145 gold pieces.

Inventory:

Hand Weapons
 b - a +4 dagger of electrocution (weapon)
Missiles
 f - 43 stones (quivered)
 n - 6 poisoned needles
Scrolls
 c - 5 scrolls of identify
 d - a scroll of random uselessness {unknown}
 e - 3 scrolls of teleportation
 m - a scroll of amnesia {unknown}
 q - a scroll of remove curse {unknown}
 r - a scroll of enchant armour {unknown}
Potions
 a - a potion of resistance {unknown}
 g - a potion of haste
 l - a potion of might {unknown}
 p - a potion of ambrosia {unknown}
Comestibles
 h - a beef jerky
 i - a meat ration
 j - 5 bread rations
 k - a fruit


   Skills:
 + Level 3.5 Fighting
 * Level 3.9 Short Blades
 + Level 1.5 Throwing
 + Level 3.6 Dodging
 * Level 4.0 Stealth


You had 4 spell levels left.
You didn't know any spells.

Dungeon Overview and Level Annotations

Branches:
Dungeon (3/15)

Altars:
Ashenzari
Okawaru
Ru
Vehumet
Xom


Innate Abilities, Weirdness & Mutations

You cannot wear most types of armour.
You are amphibious.
You can wear up to eight rings at the same time.
You can use your tentacles to constrict eight enemies at once.
Your skin changes colour to match your surroundings (Stealth).
Your rubbery body absorbs attacks (AC +1).
You have a pair of small antennae on your head.
Your magical capacity is low (-10% MP).
You are weak. (Str -2)


Message History

Throwing (i - inventory):
f - 45 stones (quivered)
Press: ? - help, Shift-Dir - straight line, f/p - adder
Aim: an adder (moderately wounded)
You throw a stone.
The stone hits the giant cockroach but does no damage.
The giant cockroach is moderately wounded.
You feel sick. The giant cockroach bites you.
Attempting RANGED ATTACK TO (-2,0) Throwing (i - inventory):
f - 44 stones (quivered)
Press: ? - help, Shift-Dir - straight line, f/p - adder
Aim: an adder (moderately wounded)
You throw a stone. The stone hits the giant cockroach.
You kill the giant cockroach!
Trog accepts your kill. The adder barely misses you.
ATTACKING (-1,0)
You closely miss the adder. Your grab misses the adder.
The adder is moderately wounded.
The adder bites you.
You die...

####.# #.## #.#
#....###..#####.#
#.##............#
# #.#######..###
#.#~~~~~#..#
#.'~~.~~#..#
#.#~~~~~#..#
#.#######.##
##(...(Sx...#
#..##########
#.## ... ####


You could see an adder.

Table legend:
 A = Turns spent in this place as a percentage of turns spent in the entire game.
 B = Non-inter-level travel turns spent in this place as a percentage of non-inter-level travel turns spent in the entire game.
 C = Inter-level travel turns spent in this place as a percentage of turns spent in this place.
 D = Turns resting spent in this place as a percentage of non-inter-level travel turns spent in this place.
 E = Turns spent auto-exploring this place as a percentage of non-inter-level travel turns spent in this place.
 F = Non-inter-level travel turns spent in this place divided by the number of levels of this place that you've seen.
                   A       B       C       D       E      F
               +-------+-------+-------+-------+-------+----------------------
         Total | 100.0 | 100.0 |   0.5 |   0.5 |   2.7 | 1484.0
       Dungeon | 100.0 | 100.0 |   0.5 |   0.5 |   2.7 | 1484.0
               +-------+-------+-------+-------+-------+----------------------

Table legend:
 A = Kills in this place as a percentage of kills in entire the game.
 B = Kills by you in this place as a percentage of kills by you in the entire game.
 C = Kills by friends in this place as a percentage of kills by friends in the entire game.
 D = Other kills in this place as a percentage of other kills in the entire game.
 E = Experience gained in this place as a percentage of experience gained in the entire game.
 F = Experience gained in this place divided by the number of levels of this place that you have seen.
                   A       B       C       D       E      F
               +-------+-------+-------+-------+-------+----------------------
         Total | 100.0 | 100.0 |  -nan |  -nan | 100.0 |  82.3
       Dungeon | 100.0 | 100.0 |  -nan |  -nan | 100.0 |  82.3
               +-------+-------+-------+-------+-------+----------------------

Vanquished Creatures
  2 orc wizards (D:3)
  3 adders
  An ooze (D:3)
  4 worms
  2 giant geckos
  6 orcs (D:3)
  5 giant cockroaches
  10 goblins
  11 hobgoblins
  3 quokkas
  5 bats
  3 giant newts
  4 kobolds
  13 rats
72 creatures vanquished.

Notes
Turn   | Place    | Note
--------------------------------------------------------------
     0 | D:1      | jw the Octopode Berserker began the quest for the Orb.
     0 | D:1      | Reached XP level 1. HP: 16/16 MP: 1/1
    55 | D:1      | Reached skill level 1 in Stealth
    96 | D:1      | Reached XP level 2. HP: 21/21 MP: 2/2
   633 | D:1      | Reached ** piety under Trog
   633 | D:1      | Reached skill level 1 in Throwing
   877 | D:2      | Reached XP level 3. HP: 16/26 MP: 3/3
  1255 | D:2      | Found a sacrificial altar of Ru.
  1539 | D:2      | Found a radiant altar of Vehumet.
  1814 | D:2      | Reached XP level 4. HP: 31/31 MP: 4/4
  1952 | D:2      | Found a shimmering altar of Xom.
  1952 | D:2      | Found an iron altar of Okawaru.
  2003 | D:2      | Gained mutation: Your magical capacity is low (-10% MP). [potion of mutation]
  2003 | D:2      | Gained mutation: You are weak. (Str -2) [potion of mutation]
  2003 | D:2      | Gained mutation: You have a pair of small antennae on your head. [potion of mutation]
  2412 | D:3      | Found a shattered altar of Ashenzari.
  2418 | D:3      | Reached *** piety under Trog
  2428 | D:3      | Reached XP level 5. HP: 36/36 MP: 4/4
  2757 | D:3      | Found a glowing drain.
  2795 | D:3      | Reached skill level 4 in Stealth
  2826 | D:3      | Slain by an adder

Action                   |  1- 3 |  4- 6 || total
-------------------------+-------+-------++-------
Melee: Short sword       |    68 |       ||    68
       Dagger            |     7 |    34 ||    41
Throw: Stone             |     9 |    47 ||    56
       Tomahawk          |       |     9 ||     9
Invok: Berserk           |     1 |     2 ||     3
  Use: Scroll            |     3 |     2 ||     5
       Potion            |     2 |     2 ||     4
 Stab: Sleeping          |     5 |     3 ||     8
  Eat: Chunk             |     4 |     5 ||     9

Vault maps used:
D:1:      dpeg_chamrin_arrival_tetris, serial_forest, infiniplex_forest_join,
          infiniplex_forest_zigzag_1, infiniplex_forest_lined_2,
          infiniplex_forest_lined_2, infiniplex_forest_end_3,
          infiniplex_forest_clump_curved, infiniplex_forest_clump_double,
          moated_statue, st_stairs_3
D:2:      lemuel_coloured_pillars_altar, lemuel_doored_altar,
          gammafunk_temple_overflow_elements
D:3:      lemuel_blue_sif_altar, cheibrodos_ashenzari_chains,
          gup_sewer_entry_glass, first_bread
